 Dungeon Crawl Stone Soup version 0.29-a0-334-gb41bcbb86e (webtiles) character file.

Game seed: 15745114655999216697

67 jlumianski the Skirmisher (level 4, -9/35 HPs)
             Began as a Demonspawn Fighter on Apr 14, 2022.
             Killed from afar by Ijyb (31 damage)
             ... with a bolt of acid
             ... on level 3 of the Dungeon.
             The game lasted 00:05:12 (2235 turns).

jlumianski the Skirmisher (Demonspawn Fighter)      Turns: 2235, Time: 00:05:13

Health: -9/35      AC: 13    Str: 18    XL:     4   Next: 0%
Magic:  4/4        EV:  9    Int:  9    God:
Gold:   63         SH:  6    Dex: 19    Spells: 3/3 levels left

rFire   . . .      SeeInvis .   a - +0 war axe
rCold   . . .      Faith    .   c - +1 buckler
rNeg    . . .      Spirit   .   b - +0 scale mail
rPois   .          Reflect  .   (no helmet)
rElec   .          Harm     .   o - +0 cloak
rCorr   .          Rampage  .   (no gloves)
Will    +....                   (no boots)
Stlth   ..........              (no amulet)
HPRegen 0.11/turn               i - +6 ring of dexterity
MPRegen 0.09/turn               p - ring of willpower

@: mighty, sanguine armoured
A: sanguine armour 1
a: no special abilities


You were on level 3 of the Dungeon.
You visited 1 branch of the dungeon, and saw 3 of its levels.

You collected 63 gold pieces.

Inventory:

Hand Weapons
 a - a +0 war axe (weapon)
 l - a +1 short sword of draining
Missiles
 k - 133 stones (quivered)
Armour
 b - a +0 scale mail (worn)
 c - a +1 buckler (worn)
 o - a +0 cloak (worn)
Jewellery
 i - a +6 ring of dexterity (left hand)
 p - a ring of willpower (right hand)
Scrolls
 e - 4 scrolls of teleportation
 n - a scroll of amnesia
Potions
 d - 3 potions of might
 f - a potion of brilliance
 g - a potion of degeneration
 j - a potion of attraction
 m - a potion of cancellation {unknown}


   Skills:
 + Level 3.3 Fighting
 + Level 2.7 Axes
 + Level 3.0 Armour
 + Level 0.4 Dodging
 + Level 3.2 Shields


You had 3 spell levels left.
You didn't know any spells.
Your spell library contained the following spells:

 Spells                   Type           Power      Damage    Failure   Level
 Sandblast                Erth           0%         2d4       86%         1
 Passwall                 Tmut/Erth      0%         N/A       94%         2
 Stone Arrow              Conj/Erth      0%         3d7       99%         3


Dungeon Overview and Level Annotations

Branches:
Dungeon (3/15)

Altars:

Annotations:
D:3 Ijyb


Innate Abilities, Weirdness & Mutations

When seriously injured, your blood forms armour. (AC +6)


Message History

The kobold barely misses you.
You closely miss the adder.
The adder is heavily wounded.
You closely miss the kobold.
You feel sick. You block the adder's attack.
The kobold hits you but does no damage. The adder bites you.
You are more poisoned.
The adder poisons you! You block the kobold's attack.
You slash the adder!
You kill the adder!
You barely miss the kobold.
You feel very sick. The kobold closely misses you.
Your Armour skill increases to level 3!
You have reached level 4!
You feel agile.
You hit Ijyb but do no damage. You barely miss the kobold.
You feel sick. Ijyb closely misses you. You block the kobold's attack.
You completely miss Ijyb. You closely miss the kobold.
You feel sick. Ijyb hits you but does no damage.
The kobold hits you with a +0 dagger.
* * * LOW HITPOINT WARNING * * *
The kobold hits you but does no damage.
Ijyb screams, "Die!"
You block Ijyb's attack.
Unknown command.
You slash Ijyb!
Ijyb is moderately wounded.
You closely miss the kobold.
You feel sick. Ijyb hits you with a +0 club.
* * * LOW HITPOINT WARNING * * *
The kobold hits you with a +0 dagger.
* * * LOW HITPOINT WARNING * * *
It was a potion of heal wounds.
You feel much better.
Your blood armour dries and flakes away.
Your blood congeals into armour.
You feel sick. You block Ijyb's attack. The kobold hits you but does no damage.
You feel very mighty all of a sudden.
You feel sick.
You are no longer poisoned.
The kobold barely misses you.
Ijyb zaps a wand.
The bolt of acid hits you!!
Ouch! That really hurt!
You die...

# .. .# . .#
..### ###.#
.....##...#
..#....<.# #
.........##....
.....!g@.......
......K..<#....
..........# ...
..........# ##
..........#
......)...#
.........##
.##.....##


You could see Ijyb and a kobold.

Vanquished Creatures
  2 adders
  2 worms (D:2)
  2 dart slugs
  3 bats (D:1)
  4 endoplasms
  7 goblins
  2 hobgoblins (D:1)
  2 jackals (D:2)
  2 quokkas (D:2)
  2 ball pythons (D:1)
  2 frilled lizards
  7 kobolds (D:1)
  2 rats
39 creatures vanquished.

Notes
Turn   | Place    | Note
-------+----------+-------------------------------------------
     0 | D:1      | jlumianski the Demonspawn Fighter began the quest for the
                  | Orb.
     0 | D:1      | Reached XP level 1. HP: 18/18 MP: 1/1
   384 | D:1      | Gained mutation: When seriously injured, your blood forms
                  | armour. (AC +6) [demonic ancestry]
   384 | D:1      | Reached XP level 2. HP: 24/24 MP: 2/2
  1385 | D:2      | Reached XP level 3. HP: 29/29 MP: 3/3
  2225 | D:3      | Noticed Ijyb
  2231 | D:3      | Reached XP level 4. HP: 13/35 MP: 4/4
  2235 | D:3      | Killed from afar by Ijyb

Illustrated notes

Levels and vault maps discovered:
D:1:      grunt_arrival_crossed_arrows, layout_basic
D:2:      layout_loops_ring
D:3:      layout_rooms, uniq_robin, uniq_ijyb, uniq_grinder,
          uniq_crazy_yiuf_cottage

Skill      XL: |  1  2  3 |
---------------+----------+-----
Axes           | 2 |  2.7
Shields        | 3 |  3.2
Armour         | 3 |  3.0
Fighting       | |  3.3
Dodging        | |  0.4

Action                   |  1- 3 |  4- 6 || total
-------------------------+-------+-------++-------
Melee: War axe           |   108 |     3 ||   111
  Use: Scroll            |     7 |       ||     7
       Potion            |       |     2 ||     2
Armor: Scale mail        |    47 |     3 ||    50
Dodge: Dodged            |    55 |     2 ||    57
Block: Buckler           |    26 |     3 ||    29

Table legend: (Time is in decaauts)
 A = Elapsed time spent in this place.
 B = Non-inter-level travel time spent in this place.
 C = Inter-level travel time spent in this place.
 D = Time resting spent in this place.
 E = Time spent auto-exploring this place.
 F = Levels seen in this place.
 G = Mean time per level.
                   A        B        C        D        E       F      G
               +--------+--------+--------+--------+--------+-----+--------+
         Total |   2281 |   2249 |     32 |    195 |   1562 |   3 |  760.3 |
       Dungeon |   2281 |   2249 |     32 |    195 |   1562 |   3 |  760.3 |
               +--------+--------+--------+--------+--------+-----+--------+

Top non-repeatable levels by time:
     D:1: 1412 daAuts
     D:2: 849 daAuts
     D:3: 19 daAuts
